 Dungeon Crawl Stone Soup version 0.30-a0-187-gd9c2deaf24 (webtiles) character file.

Game seed: 10640044568659951370

67 scionoferis the Sneak (level 4, -3/27 HPs)
             Began as a Kobold Brigand on Oct 3, 2022.
             Slain by Crazy Yiuf
             ... wielding a +2 quarterstaff of chaos
              (6 damage)
             ... on level 2 of the Dungeon.
             The game lasted 00:03:35 (1596 turns).

scionoferis the Sneak (Kobold Brigand)              Turns: 1596, Time: 00:03:35

Health: -3/27      AC:  8    Str: 10    XL:     4   Next: 40%
Magic:  0/4        EV: 12    Int: 12    God:
Gold:   79         SH:  0    Dex: 22    Spells: 3/3 levels left

rFire   + . .      SeeInvis +    a - +2 short sword (vamp)
rCold   . . .      Faith    .    w - +0 buckler
rNeg    . . .      Spirit   .    q - +2 ring mail {rF+}
rPois   .          Reflect  .    (no helmet)
rElec   .          Harm     .    c - +0 cloak
rCorr   .          Rampage  .    (no gloves)
Will    .....                    (no boots)
Stlth   ++........               (no amulet)
HPRegen 0.24/turn                u - +6 ring of dexterity
MPRegen 0.09/turn                b - ring of see invisible

@: confused
A: small, no large weapons, nightstalker 3
a: no special abilities


You were on level 2 of the Dungeon.
You visited 1 branch of the dungeon, and saw 2 of its levels.

You collected 79 gold pieces.

Inventory:

Hand Weapons
 a - a +2 vampiric short sword (weapon)
 g - a +2 dagger
Missiles
 d - 9 poisoned darts (quivered)
 e - 3 curare-tipped darts
 p - 5 boomerangs
 s - a throwing net
Armour
 c - a +0 cloak (worn)
 q - a +2 ring mail of fire resistance (worn)
 w - a +0 buckler (worn)
 x - a +2 ring mail of willpower
Jewellery
 b - a ring of see invisible (right hand)
 m - a ring of resist corrosion
 u - a +6 ring of dexterity (left hand)
Scrolls
 f - a scroll of poison {unknown}
 i - a scroll of teleportation {unknown}
 o - a scroll of identify {unknown}
 r - a scroll of acquirement {unknown}
 v - a scroll of magic mapping {unknown}
Potions
 h - a potion of haste {unknown}
 j - a potion of berserk rage {unknown}
 k - 2 potions of degeneration {unknown}
 l - a potion of curing {unknown}
 n - a potion of mutation {unknown}
 t - 2 potions of attraction {unknown}


   Skills:
 + Level 2.6 Fighting
 * Level 3.9 Short Blades
 - Level 2.1 Throwing
 + Level 1.0 Armour
 + Level 2.1 Dodging
 + Level 5.8 Stealth
 + Level 0.1 Shields


You had 3 spell levels left.
You didn't know any spells.
Your spell library contained the following spells:

 Spells                   Type           Power      Damage    Failure   Level
 Freeze                   Ice            0%         1d3       80%         1
 Frozen Ramparts          Ice            0%         1d1       99%         3
 Hailstorm                Conj/Ice       0%         3d3       99%         3


Dungeon Overview and Level Annotations

Branches:
Dungeon (2/15)

Altars:
Kikubaaqudgha

Annotations:
D:2 Crazy Yiuf


Innate Abilities, Weirdness & Mutations

You are small and have problems with some larger weapons.
You are completely attuned to the shadows.


Message History

You see here a +0 club.
A hobgoblin comes into view.
The helpless hobgoblin fails to defend itself.
You impale the hobgoblin!!
You kill the hobgoblin!
k - 2 inky potions (gained 1)
A hobgoblin comes into view.
The helpless hobgoblin fails to defend itself.
You impale the hobgoblin!!
You kill the hobgoblin!
Found a runed translucent door.
Found a hammer.
You open the door.
Crazy Yiuf yells, "Announcement!
Hah pontify snail."
There is an open translucent door here.
Crazy Yiuf hits you with a +2 quarterstaff of chaos!
You feel your power leaking away.
You puncture Crazy Yiuf!
You feel better.
Crazy Yiuf is moderately wounded.
You hit Crazy Yiuf.
You feel better.
Crazy Yiuf is heavily wounded.
You block Crazy Yiuf's attack.
You closely miss Crazy Yiuf.
Crazy Yiuf is heavily wounded.
Crazy Yiuf hits you with a +2 quarterstaff of chaos!
You completely miss Crazy Yiuf.
Crazy Yiuf is heavily wounded.
Crazy Yiuf barely misses you.
You hit Crazy Yiuf.
You feel better.
Crazy Yiuf is severely wounded.
Crazy Yiuf hits you with a +2 quarterstaff of chaos.
* * * LOW HITPOINT WARNING * * *
You are confused.
You hit Crazy Yiuf.
You feel better.
Crazy Yiuf is severely wounded.
Crazy Yiuf hits you with a +2 quarterstaff of chaos.
* * * LOW HITPOINT WARNING * * *
You blink.
Crazy Yiuf hits you with a +2 quarterstaff of chaos.
You die...

### ########.#####
............<# ♣♣♣♣♣###
....####.###.# #####♣♣♣.♣....##
....# #.# #.# #@..#♣..♣......##
....# #.# #.# #.g§'.♣♣♣♣......#
..... ..# #.# #)..#♣♣ ♣♣.....#
.#.#########.# ##### ♣♣##..#
.#........#.## #.## (#
#####...## #.# .#
#..#.############ ###.# .###
#...............####...#
...#####..########.###......###


You could see Crazy Yiuf.

Vanquished Creatures
  An adder (D:2)
  3 worms (D:2)
  5 endoplasms
  3 giant cockroaches (D:1)
  5 goblins
  6 hobgoblins
  2 quokkas (D:1)
  4 ball pythons (D:2)
  7 bats
  7 frilled lizards
  3 kobolds
  2 rats (D:2)
  A spectral hobgoblin (D:1)
49 creatures vanquished.

Notes
Turn   | Place    | Note
-------+----------+-------------------------------------------
     0 | D:1      | scionoferis the Kobold Brigand began the quest for the Orb.
     0 | D:1      | Reached XP level 1. HP: 12/12 MP: 1/1
   111 | D:1      | Reached XP level 2. HP: 17/17 MP: 2/2
   272 | D:1      | Found a faded altar of an unknown god.
   510 | D:1      | Reached XP level 3. HP: 22/22 MP: 3/3
  1085 | D:2      | Found an ancient bone altar of Kikubaaqudgha.
  1326 | D:2      | Reached XP level 4. HP: 27/27 MP: 4/4
  1362 | D:2      | Reached skill level 1 in Armour
  1583 | D:2      | Found a runed translucent door.
  1586 | D:2      | Noticed Crazy Yiuf
  1596 | D:2      | Slain by Crazy Yiuf

Illustrated notes

Levels and vault maps discovered:
D:1:      minmay_arrival_checkered_box, layout_loops_ring,
          dreamdust_ecumenical_altar_drowned_temple, minmay_nonomino_d4
D:2:      layout_loops_ring, basic_altar, nicolae_figureground_sparkle,
          uniq_crazy_yiuf_cottage

Skill      XL: |  1  2  3  4 |
---------------+-------------+-----
Short Blades   | 3 |  3.9
Dodging        | 2 |  2.1
Armour         | 1 |  1.0
Fighting       | |  2.6
Throwing       | |  2.1
Stealth        | |  5.8
Shields        | |  0.1

Action                   |  1- 3 |  4- 6 || total
-------------------------+-------+-------++-------
Melee: Dagger            |    28 |       ||    28
       Punch             |     1 |       ||     1
       Short sword       |    69 |    25 ||    94
 Stab: Sleeping          |    21 |     3 ||    24
Armor: Robe              |     7 |       ||     7
       Ring mail         |     7 |       ||     7
Dodge: Dodged            |    48 |     2 ||    50
Block: Buckler           |       |     4 ||     4

Table legend: (Time is in decaauts)
 A = Elapsed time spent in this place.
 B = Non-inter-level travel time spent in this place.
 C = Inter-level travel time spent in this place.
 D = Time resting spent in this place.
 E = Time spent auto-exploring this place.
 F = Levels seen in this place.
 G = Mean time per level.
                   A        B        C        D        E       F      G
               +--------+--------+--------+--------+--------+-----+--------+
         Total |   1582 |   1534 |     48 |      0 |   1218 |   2 |  791.0 |
       Dungeon |   1582 |   1534 |     48 |      0 |   1218 |   2 |  791.0 |
               +--------+--------+--------+--------+--------+-----+--------+

Top non-repeatable levels by time:
     D:1: 990 daAuts
     D:2: 592 daAuts
